 Dungeon Crawl Stone Soup version 0.17.0-28-g6e173f8 (webtiles) character file.

9466 gorblad the Nimble (level 11, -5/66 HPs)
             Began as a Vine Stalker Chaos Knight on Dec 1, 2015.
             Slain by a porcupine (16 damage)
             ... on level 2 of the Lair of Beasts.
             The game lasted 00:36:10 (8324 turns).

gorblad the Nimble (Vine Stalker Chaos Knight)      Turns: 8324, Time: 00:36:10

Health: -5/66      AC: 10    Str: 15    XL:     11   Next: 46%
Magic:  0/12       EV: 14    Int: 10    God:    Xom [*.....]
Gold:   557        SH: 15    Dex: 17    Spells: 0 memorised, 10 levels left

rFire  + . .     SeeInvis .     a - +1 spear (chaos)
rCold  . . .     Clarity  .     g - +3 leather armour
rNeg   + . .     SustAt   +     L - +0 large shield
rPois  .         Gourm    .     (helmet restricted)
rElec  .         Spirit   +     B - +2 cloak
rCorr  .         Warding  +     N - +0 pair of gloves
rMut   .         Stasis   .     (no boots)
MR     +....                    h - amulet of warding
Stlth  ++........               j - ring of sustain attributes (curse)
                                i - ring of protection from fire

@: somewhat resistant to hostile enchantments, unstealthy
A: fangs 3, horns 1, thin skeletal structure 1, deterioration 1, dopey 1,
mutation resistance 1, regeneration 2, robust 1, weak 1, magic shield, antimagic
bite, no device heal 3, rot immunity
a: Renounce Religion


You were on level 2 of the Lair of Beasts.
You worshipped Xom.
You were a special plaything of Xom.
You were not hungry.

You visited 2 branches of the dungeon, and saw 10 of its levels.
You also visited: Ossuary.

You collected 557 gold pieces.

Inventory:

Hand Weapons
 a - a +1 spear of chaos (weapon)
Armour
 g - a +3 leather armour (worn)
 n - a +0 shield
 B - a +2 cloak (worn)
 L - a +0 large shield (worn)
 N - a +0 pair of gloves (worn)
Jewellery
 h - an amulet of warding (around neck)
 i - a ring of protection from fire (left hand)
 j - a cursed ring of sustain attributes (right hand)
 x - a +3 ring of slaying {unknown}
 y - an uncursed ring of ice
 I - an uncursed ring of stealth {unknown}
 M - an uncursed amulet of the gourmand {unknown}
Wands
 b - a wand of magic darts (28)
 w - a wand of heal wounds (1)
 A - a wand of magic darts (19)
 G - a wand of disintegration (10)
Scrolls
 m - 5 scrolls of remove curse
 t - a scroll of magic mapping
 v - 3 scrolls of recharging
 F - a scroll of brand weapon {unknown}
 J - a scroll of identify
Potions
 d - a potion of lignification
 e - 2 potions of flight
 f - 3 potions of brilliance
 p - a potion of mutation {unknown}
 r - 2 potions of might
 s - 6 potions of curing
 u - 2 potions of resistance
 z - a potion of agility
 D - a potion of degeneration
 H - 2 potions of magic {unknown}
Books
 l - a book of Frost

   Spells                             Type                      Level
   a - Freeze                         Ice                          1
   b - Throw Frost                    Conjuration/Ice              2
   c - Ozocubu's Armour               Charms/Ice                   3
   d - Throw Icicle                   Conjuration/Ice              4
   e - Summon Ice Beast               Ice/Summoning                4
   f - Condensation Shield            Ice                          4
 o - a book of the Warp

   Spells                             Type                      Level
   a - Recall                         Summoning/Translocation      3
   b - Gell's Gravitas                Hexes/Translocation          3
   c - Force Lance                    Conjuration/Translocation    4
   d - Phase Shift                    Translocation                5
   e - Warp Weapon                    Charms/Translocation         5
   f - Summon Forest                  Summoning/Translocation      5
Comestibles
 c - 6 bread rations
 k - a beef jerky
 C - a meat ration
 E - 2 royal jellies
 K - 3 fruits


   Skills:
 - Level 8.0 Fighting
 - Level 8.3 Polearms
 - Level 1.5 Armour
 - Level 9.1 Dodging
 + Level 6.9 Shields


You had 10 spell levels left.
You didn't know any spells.

Dungeon Overview and Level Annotations

Branches:
Dungeon (8/15)             Temple (0/1) D:5            Lair (2/8) D:8

Altars:
Dithmenos
Elyvilon
Fedhas
Okawaru
Trog
Vehumet
The Shining One


Innate Abilities, Weirdness & Mutations

You have razor-sharp teeth.
You heal very quickly.
When hurt, damage is shared between your health and your magic reserves.
Your bite disrupts and absorbs the magic of your enemies.
Potions and wands cannot restore your health.
You are immune to rotting.
You have a pair of small horns on your head.
You have a somewhat thin skeletal structure (Dex +2, Stealth).
Your body sometimes deteriorates upon taking damage.
You are dopey. (Int -2)
You are somewhat resistant to further mutation.
You are robust (+10% HP).
You are weak. (Str -2)


Message History

You drain its power.
The porcupine is moderately wounded.
You block the porcupine's attack. x2
You are struck by the porcupine's spines.
You miss the porcupine.
The porcupine is moderately wounded.
The giant frog hits you. The porcupine bites you!
You are struck by the porcupine's spines.
You closely miss the porcupine. Your headbutt misses the porcupine.
The porcupine is moderately wounded.
You block the porcupine's attack. You block the giant frog's attack.
The giant frog closely misses you. The porcupine bites you!!
* * * LOW HITPOINT WARNING * * *
You are too injured to fight recklessly!
You are too injured to fight recklessly!
You are too injured to fight recklessly!
You are too injured to fight recklessly!
The porcupine bites you!!
You die...
Xom guffaws!

..........#
....P......#
....#......
...........##
.....#......# .
...........P##..#
.P#.#..$...##P..#
.........rF......
.........@.......
.####...........
##..........
##..........
#...#...+##.
#...#.......
##..........
#..#.......
###..#.......


You could see a giant frog and a porcupine (berserk).

Vanquished Creatures
  2 hydras
  4 elephants
  The ghost of bollicks1999 the Covered, a novice MiFi (D:5)
  A spiny frog (Lair:2)
  Prince Ribbit (D:8)
  Sigmund (D:5)
  3 water moccasins
  Eustachio (D:4)
  6 yaks (Lair:1)
  A porcupine (Lair:1)
  Duvessa (D:5)
  5 ogres
  2 ice beasts
  A slave (D:8)
  2 orc warriors
  2 phantoms
  A boggart (D:6)
  3 crocodiles
  A centaur (D:8)
  Blork the orc (D:5)
  5 giant frogs
  Dowan (D:5)
  4 water moccasin zombies (Ossuary)
  A scorpion (D:4)
  A quasit (D:6)
  2 wights (D:8)
  3 orc priests
  2 centaur zombies (D:5)
  3 crimson imps
  A hound (D:6)
  Crazy Yiuf (D:3)
  2 giant frog skeletons
  A centaur skeleton (D:5)
  2 iguanas
  9 orc wizards
  2 sheep (D:8)
  2 big kobold zombies (Ossuary)
  5 worker ants
  A hound zombie (D:8)
  2 mummies (Ossuary)
  7 gnolls (D:6)
  9 adders
  21 river rats
  A shadow imp (D:5)
  2 oozes
  7 adder zombies
  3 worms
  4 giant geckos
  28 orcs
  8 bats
  8 giant cockroaches
  11 hobgoblins
  10 jackals
  9 kobolds
  3 quokkas
  A ball python skeleton (D:4)
  2 giant gecko skeletons
  A giant newt (D:1)
  5 gnoll zombies (Ossuary)
  14 goblins
  5 hobgoblin zombies (Ossuary)
  5 kobold zombies (Ossuary)
  4 orc zombies (Ossuary)
  A quokka skeleton (D:8)
  12 rats
  2 fungi (D:8)
  6 plants
279 creatures vanquished.

Vanquished Creatures (collateral kills)
  Urug (Lair:2)
  A water moccasin (D:8)
  A porcupine (Lair:1)
  An ogre (D:4)
  A slave (D:8)
  An ice beast (D:8)
  The ghost of Statics the Ruffian, an amateur DrMo (D:3)
  Ijyb (D:2)
  2 river rats (Lair:2)
  An orc (D:8)
  A kobold (D:3)
12 creatures vanquished.

Vanquished Creatures (others)
  A slave (D:8)
  A sky beast (D:8)
  A wight (D:8)
  A crimson imp (D:8)
  A hound (D:8)
  A hound zombie (D:8)
  3 plants (D:5)
9 creatures vanquished.

Grand Total: 300 creatures vanquished

Notes
Turn   | Place    | Note
--------------------------------------------------------------
     0 | D:1      | gorblad the Vine Stalker Chaos Knight began the quest for the Orb.
     0 | D:1      | Reached XP level 1. HP: 11/11 MP: 2/2
    27 | D:1      | Reached skill level 3 in Fighting
    42 | D:1      | Reached XP level 2. HP: 13/16 MP: 3/3
   124 | D:1      | XOM: divination: magic mapping
   132 | D:1      | XOM: harmless Summ miscast
   153 | D:1      | XOM: butterfly on damage
   156 | D:1      | XOM: smoke on damage
   190 | D:1      | Reached XP level 3. HP: 11/21 MP: 4/4
   191 | D:1      | XOM: harmless Summ miscast
   213 | D:1      | XOM: silly message
   341 | D:1      | XOM: harmless Ice miscast
   416 | D:1      | Found a radiant altar of Vehumet.
   503 | D:1      | Reached skill level 4 in Fighting
   680 | D:2      | Noticed Ijyb
   722 | D:2      | XOM: divination: detect creatures
   730 | D:2      | XOM: summons friendly white imp
   756 | D:2      | Killed Ijyb
   756 | D:2      | Reached XP level 4. HP: 21/26 MP: 5/5
   816 | D:2      | XOM: god gift: metal-bound book {god gift}
   841 | D:2      | Found a glowing golden altar of the Shining One.
   846 | D:2      | You fall through a shaft for 2 floors!
   862 | D:4      | Noticed Eustachio
   874 | D:4      | XOM: mild Fire miscast
   879 | D:4      | XOM: noise
   884 | D:4      | Killed Eustachio
   884 | D:4      | Reached skill level 5 in Fighting
   884 | D:4      | Reached XP level 5. HP: 26/32 MP: 6/6
   891 | D:4      | XOM: harmless Necr miscast
   906 | D:4      | Gained mutation: You have a somewhat thin skeletal structure (Dex +2, Stealth). [potion of beneficial mutation]
   907 | D:4      | XOM: potion effect (berserk rage)
   910 | D:4      | Reached skill level 6 in Fighting
   910 | D:4      | Gained mutation: You heal very quickly. [Vine Stalker growth]
   910 | D:4      | Reached XP level 6. HP: 5/36 MP: 7/7
  1010 | D:4      | Found a white marble altar of Elyvilon.
  1092 | D:4      | Noticed a phantom
  1105 | D:4      | Killed a phantom
  1303 | D:4      | Noticed an ogre
  1304 | D:4      | XOM: cast spell 'Call Canine Familiar'
  1317 | D:4      | Killed an ogre
  1317 | D:4      | Reached skill level 7 in Fighting
  1317 | D:4      | Reached XP level 7. HP: 19/42 MP: 8/8
  1319 | D:4      | Killed an ogre
  1546 | D:4      | XOM: harmless Conj miscast
  1720 | D:4      | Reached skill level 8 in Fighting
  2024 | D:3      | Found a bloodstained altar of Trog.
  2070 | D:3      | Noticed Statics's ghost (amateur DrMo)
  2084 | D:3      | Killed Statics's ghost
  2295 | D:3      | Gained mutation: You have razor-sharp teeth. [Vine Stalker growth]
  2295 | D:3      | Reached XP level 8. HP: 47/47 MP: 9/9
  2324 | D:3      | Noticed Crazy Yiuf
  2344 | D:3      | Killed Crazy Yiuf
  2828 | D:2      | XOM: vitrification
  2985 | D:2      | Found an iron altar of Okawaru.
  3154 | D:5      | Entered Level 5 of the Dungeon
  3236 | D:5      | Noticed Sigmund
  3258 | D:5      | Killed Sigmund
  3258 | D:5      | Reached skill level 5 in Polearms
  3277 | D:5      | Found a staircase to the Ecumenical Temple.
  3280 | D:5      | Noticed Duvessa
  3287 | D:5      | Noticed Dowan
  3288 | D:5      | XOM: potion effect (berserk rage)
  3290 | D:5      | Killed Duvessa
  3296 | D:5      | Killed Dowan
  3352 | D:5      | Found a sand-covered staircase.
  3375 | Ossuary  | Entered an ossuary
  3406 | Ossuary  | XOM: potion effect (haste)
  3529 | Ossuary  | XOM: 2-stop teleportation journey
  3551 | Ossuary  | XOM: potion effect (berserk rage)
  3762 | D:5      | Found a bloodstained altar of Trog.
  3833 | D:5      | Reached XP level 9. HP: 47/51 MP: 10/10
  3850 | D:5      | XOM: swap monsters
  3999 | D:5      | Noticed bollicks1999's ghost (novice MiFi)
  4051 | D:5      | XOM: divination: magic mapping
  4056 | D:5      | XOM: confusion
  4066 | D:5      | Killed bollicks1999's ghost
  4178 | D:5      | XOM: harmless Erth miscast
  4220 | D:5      | Noticed Blork the orc
  4230 | D:5      | Killed Blork the orc
  4230 | D:5      | Reached skill level 1 in Dodging
  4395 | D:5      | Found a blossoming altar of Fedhas.
  4422 | D:5      | XOM: enchant monster (good)
  4504 | D:5      | XOM: harmless Erth miscast
  4631 | D:6      | Found a shadowy altar of Dithmenos.
  4681 | D:6      | XOM: god gift: potion of brilliance
  4732 | D:6      | XOM: swap monsters
  4787 | D:6      | XOM: polymorph scorpion -> boggart
  4889 | D:6      | XOM: give mutations
  4889 | D:6      | Gained mutation: You have a pair of small horns on your head. [Xom's mischief]
  4889 | D:6      | Gained mutation: You are robust (+10% HP). [Xom's mischief]
  4889 | D:6      | Gained mutation: You are dopey. (Int -2) [Xom's mischief]
  4889 | D:6      | Gained mutation: You are weak. (Str -2) [Xom's mischief]
  5054 | D:6      | Reached skill level 5 in Dodging
  5123 | D:6      | XOM: colour smoke trail
  5464 | D:7      | Reached XP level 10. HP: 49/61 MP: 11/11
  5871 | D:8      | XOM: summons 3 friendly demons
  5914 | D:8      | Noticed Pikel
  5927 | D:8      | XOM: summons 10 friendly demons
  5931 | D:8      | XOM: enchant monster (bad)
  5945 | D:8      | Noticed Pikel
  5946 | D:8      | Killed Pikel the ice beast
  6034 | D:8      | Noticed Prince Ribbit
  6037 | D:8      | Killed Prince Ribbit
  6086 | D:8      | XOM: harmless Summ miscast
  6140 | D:8      | XOM: swap monsters
  6250 | D:8      | Found a staircase to the Lair.
  6250 | D:8      | Noticed an elephant
  6265 | D:8      | XOM: silly message
  6269 | D:8      | Killed an elephant
  6271 | D:8      | XOM: divination: detect items
  6549 | D:8      | XOM: silly message
  6830 | Lair:1   | Entered Level 1 of the Lair of Beasts
  6880 | Lair:1   | XOM: divination: magic mapping
  7047 | Lair:1   | Reached skill level 9 in Dodging
  7056 | Lair:1   | XOM: blink monster(s)
  7061 | Lair:1   | XOM: fake destruction
  7322 | Lair:1   | Noticed a six-headed hydra
  7333 | Lair:1   | XOM: god gift: 38 gold pieces
  7349 | Lair:1   | Killed a six-headed hydra
  7349 | Lair:1   | Reached XP level 11. HP: 60/66 MP: 12/12
  7419 | Lair:1   | XOM: confuse monster(s)
  7757 | Lair:1   | XOM: mild Summ miscast
  7930 | Lair:1   | XOM: medium Chrm miscast
  7965 | Lair:2   | Gained mutation: You are somewhat resistant to further mutation. [potion of beneficial mutation]
  8016 | Lair:2   | XOM: 1-stop teleportation journey
  8017 | Lair:2   | Noticed a four-headed hydra
  8024 | Lair:2   | Killed a four-headed hydra
  8024 | Lair:2   | Reached skill level 5 in Shields
  8254 | Lair:2   | Killed Urug
  8319 | Lair:2   | XOM: give mutations
  8319 | Lair:2   | Gained mutation: Scrolls take you a little longer to read. [Xom's mischief]
  8319 | Lair:2   | Lost mutation: Scrolls take you a little longer to read. [Xom's mischief]
  8319 | Lair:2   | Gained mutation: Your body sometimes deteriorates upon taking damage. [Xom's mischief]
  8324 | Lair:2   | Slain by a porcupine

Action                   |  1- 3 |  4- 6 |  7- 9 | 10-12 || total
-------------------------+-------+-------+-------+-------++-------
Melee: Spear             |   155 |    96 |   572 |   524 ||  1347
  Use: Scroll            |     6 |     3 |    12 |       ||    21
       Potion            |       |     4 |       |     6 ||    10
 Stab: Paralysed         |       |     1 |     9 |     9 ||    19
       Confused          |       |     1 |     5 |     3 ||     9
       Sleeping          |       |     2 |    19 |     6 ||    27
       Distracted        |       |       |     2 |     1 ||     3
       Petrifying        |       |       |     7 |     3 ||    10
       Petrified         |       |       |     1 |       ||     1
  Eat: Chunk             |       |     3 |     6 |     7 ||    16
       Bread ration      |       |       |     2 |       ||     2
       Beef jerky        |       |       |     1 |       ||     1
       Fruit             |       |       |       |     3 ||     3
